 Dungeon Crawl Stone Soup version 0.31-a0-246-g8cbcc1cb85 (webtiles) character file.

Game seed: 5719864135366018317

22 qw the Shooter (level 2, -2/24 HPs)
             Began as a Minotaur Hexslinger on July 12, 2023.
             Slain by a goblin
             ... wielding a +0 club
             ... led by Robin
              (6 damage)
             ... on level 2 of the Dungeon.
             The game lasted 00:00:15 (737 turns).

qw the Shooter (Minotaur Hexslinger)                 Turns: 737, Time: 00:00:15

Health: -2/24      AC:  3    Str: 12    XL:     2   Next: 68%
Magic:  2/2        EV: 11    Int: 10    God:
Gold:   36         SH:  0    Dex: 12    Spells: 2/3 levels left

rFire   . . .        Y - +1 sling
rCold   . . .        (no shield)
rNeg    . . .        i - +0 leather armour
rPois   .            (helmet restricted)
rElec   .            (no cloak)
rCorr   .            (no gloves)
SInv    .            (no boots)
Will    .....        (no amulet)
Stlth   +            (no ring)
HPRegen 0.24/turn    (no ring)
MPRegen 0.08/turn

%: no passive effects
@: no status effects
A: horns 2, retaliatory headbutt
a: no special abilities


You were on level 2 of the Dungeon.
You visited 1 branch of the dungeon, and saw 2 of its levels.

You collected 36 gold pieces.


Innate Abilities, Weirdness & Mutations

You have a pair of horns on your head.
You reflexively headbutt those who attack you in melee.


   Skills:
 - Level 2.0 Fighting
 + Level 3.3 Ranged Weapons
 - Level 2.1 Dodging
 - Level 1.0 Spellcasting
 - Level 2.0 Hexes


You had 2 spell levels left.
You knew the following spells:

 Your Spells              Type           Power      Damage    Failure   Level
a - Slow                  Hex            16%        N/A       19%         1

Your spell library contained the following spells:

 Spells                   Type           Power      Damage    Failure   Level
 Inner Flame              Hex/Fire       2%         N/A       65%         3
 Portal Projectile        Hex/Tloc       4%         N/A       65%         3
 Cause Fear               Hex            2%         N/A       88%         4

Inventory:

Hand Weapons
 Y - a +1 sling (weapon)
Armour
 i - a +0 leather armour (worn)
Potions
 a - a potion of invisibility {unknown}
 b - a potion of lignification {unknown}
 d - a potion of might {unknown}

Dungeon Overview and Level Annotations

Branches:
Dungeon (2/15)

Altars:

Shops:
D:1 *

Annotations:
D:2 Robin


Message History

You shoot a sling bullet.
The sling bullet barely misses the goblin.
The goblin hits you with a +0 club.
A goblin comes into view. It is wielding a +0 club.
The goblin barely misses you.
You shoot a sling bullet.
The sling bullet closely misses the goblin.
The goblin shouts!
You hear a shout! x2
The goblin completely misses you.
You shoot a sling bullet. The sling bullet hits the goblin.
The goblin is moderately wounded.
A goblin comes into view. It is wielding a +0 club.
You shoot a sling bullet.
The sling bullet barely misses the goblin.
The goblin shouts!
Robin hits you from afar with a +0 trident.
The goblin hits you but does no damage.
You shoot a sling bullet. The sling bullet hits the goblin.
The goblin is severely wounded.
Robin hits you from afar with a +0 trident.
The goblin hits you but does no damage.
A goblin comes into view. It is wielding a +2 dagger of speed.
The goblin completely misses you. You furiously retaliate!
You headbutt the goblin.
You kill the goblin!
Robin throws the goblin at you!
A hobgoblin comes into view.
You shoot a sling bullet. The goblin shouts!
The sling bullet hits the goblin!
You kill the goblin!
You hear a shout! x2
The goblin no longer looks unusually strong.
Robin throws the goblin at you!
You shoot a sling bullet.
The sling bullet barely misses the goblin.
A hobgoblin comes into view.
Robin barely misses you. The goblin hits you with a +0 club.
You die...

############# #
#....#.......
#.######.......#....
#.)@g........#.#....
#..#.###.....#.#..<.
#g##.# #.....#.#....
... #.#
#.....#.#.... #.g
#.# #.....#.##.#.
#g.
#.###.....#.##.#% .>
.................
g## #.#
#......####.. #.#
#............


You could see Robin, 2 hobgoblins and 2 goblins.

Vanquished Creatures
  An endoplasm (D:1)
  A giant cockroach (D:2)
  6 goblins
  A hobgoblin (D:1)
  3 jackals (D:1)
  3 kobolds (D:1)
  A quokka (D:1)
  A bat (D:1)
  A frilled lizard (D:1)
  A rat (D:1)
19 creatures vanquished.

Notes
Turn   | Place    | Note
-------+----------+-------------------------------------------
     0 | D:1      | qw the Minotaur Hexslinger began the quest for the Orb.
     0 | D:1      | Reached XP level 1. HP: 16/16 MP: 1/1
     0 | D:1      | 0 ||| qw: Version: 0.3-a-52-g30416fa
     0 | D:1      | 0 ||| qw: Game counter: 6321
     0 | D:1      | 0 ||| qw: Melee chars always use a shield: true
     0 | D:1      | 0 ||| qw: God list: Okawaru
     0 | D:1      | 0 ||| qw: Allow faded altars: false
     0 | D:1      | 0 ||| qw: Do Orc after clearing Dungeon:15 true
     0 | D:1      | 0 ||| qw: Do second Lair branch before Depths: true
     0 | D:1      | 0 ||| qw: Lair rune preference: random
     0 | D:1      | 0 ||| qw: Goals: Normal
     0 | D:1      | 0 ||| PLANNING D:1-11
    88 | D:1      | Reached skill level 3 in Ranged Weapons
   124 | D:1      | Reached XP level 2. HP: 23/23 MP: 2/2
   190 | D:1      | Found Rapnelo's Assorted Antiques.
   199 | D:1      | 199 ||| SHOPLISTING 3 scrolls labelled QUOCUSK HYTUQ (78
                  | gold, have 18).
   199 | D:1      | 199 ||| SHOPLISTING ruby potion (23 gold, have 18).
   199 | D:1      | 199 ||| SHOPLISTING scroll labelled VIANOUMARPHO (26 gold,
                  | have 18).
   199 | D:1      | 199 ||| SHOPLISTING scroll labelled XUIV AZXYUGG (26 gold,
                  | have 18).
   199 | D:1      | 199 ||| SHOPLISTING viscous silvery potion (23 gold, have
                  | 18).
   639 | D:1      | 639 ||| UPGRADING to +0 leather armour.
   649 | D:1      | 649 ||| DROPPING +0 robe.
   650 | D:1      | 650 ||| READING scroll labelled VYERGH YWAT VISM.
   651 | D:1      | 651 ||| READING scroll labelled FUSHRU BAOQYM.
   652 | D:1      | 652 ||| READING scroll labelled FODIATTUER.
   653 | D:1      | 653 ||| READING scroll labelled DITEIM DIKKORUDU.
   656 | D:1      | 656 ||| DROPPING scroll of poison.
   726 | D:2      | Noticed Robin
   735 | D:2      | HP: 4/24 [Robin/+0 trident (5)]
   737 | D:2      | Slain by a goblin

Levels and vault maps discovered:
D:1:      minmay_arrival_diagonal_passages, layout_loops_cross, serial_shops,
          shop
D:2:      layout_basic, uniq_robin, uniq_sigmund, uniq_terence

Skill      XL: |  1  2 |
---------------+-------+-----
Ranged Weapons | 3 |  3.3
Fighting       | 2 |  2.0
Dodging        | |  2.1
Spellcasting   | |  1.0
Hexes          | |  2.0

Action                     || total
---------------------------++-------
   Fire: Sling             ||    55
    Use: Scroll            ||     4
 Armour: Leather armour    ||     3
         Robe              ||     1
  Dodge: Dodged            ||    14

Table legend:
 A = Non-vault XP
 B = Vault XP
 C = Vault XP percentage of total XP
 D = Non-vault monster count
 E = Vault monster count
 F = Vault count percentage of total count
                 A         B        C        D         E       F
            +---------+---------+-------+---------+---------+-------
      Total |      23 |       9 |  28.1 |      14 |       5 |  26.3
            +---------+---------+-------+---------+---------+-------
        D:1 |      21 |       0 |   0.0 |      13 |       0 |   0.0
        D:2 |       2 |       9 |  81.8 |       1 |       5 |  83.3
            +---------+---------+-------+---------+---------+-------
